 Dungeon Crawl Stone Soup version 0.30.1-11-g7821555f0a (webtiles) character file.

Game seed: 12347496173927259777

109 Okkudo the Chopper (level 4, -1/41 HPs)
             Began as a Hill Orc Monk on Dec 6, 2023.
             Slain by an orc
             ... wielding a +0 flail
              (2 damage)
             ... on level 4 of the Dungeon.
             The game lasted 00:07:19 (2861 turns).

Okkudo the Chopper (Hill Orc Monk)                  Turns: 2861, Time: 00:07:20

Health: -1/41      AC: 11    Str: 15    XL:     4   Next: 90%
Magic:  4/4        EV:  4    Int: 10    God:
Gold:   216        SH:  0    Dex: 13    Spells: 3/3 levels left

rFire   . . .        a - +0 hand axe
rCold   . . .        d - orb {light}
rNeg    . . .        l - +0 plate armour
rPois   .            i - +1 hat
rElec   .            (no cloak)
rCorr   .            (no gloves)
SInv    .            (no boots)
Will    .....        (no amulet) Stlth
                     (no ring)
HPRegen 0.26/turn    (no ring)
MPRegen 0.09/turn

%: no passive effects
@: lethally poisoned (-1 -> -23), glowing
A: no striking features
a: no special abilities


You were on level 4 of the Dungeon.
You visited 1 branch of the dungeon, and saw 4 of its levels.

You collected 216 gold pieces.

Inventory:

Hand Weapons
 a - a +0 hand axe (weapon)
Armour
 d - an orb of light (worn)
 i - a +1 hat (worn)
 l - a +0 plate armour (worn)
Jewellery
 p - a ring of protection from cold
 q - a ring of fire
 r - a ring of see invisible
Scrolls
 b - a scroll of butterflies {unknown}
 e - a scroll of teleportation {unknown}
 h - a scroll of identify
 j - 2 scrolls of enchant weapon {unknown}
 k - a scroll of noise {unknown}
 m - a scroll of fog
 s - a scroll of immolation {unknown}
 t - 3 scrolls of blinking
 u - a scroll of silence {unknown}
 v - a scroll of amnesia {unknown}
Potions
 c - 3 potions of ambrosia
 f - 2 potions of heal wounds {unknown}
 g - 2 potions of curing {unknown}
 n - 2 potions of berserk rage {unknown}
 o - a potion of invisibility {unknown}


   Skills:
 + Level 4.6 Fighting
 * Level 6.1 Axes
 + Level 1.3 Armour
 - Level 2.4 Dodging


You had 3 spell levels left.
You didn't know any spells.
Your spell library contained the following spells:

 Spells                   Type           Power      Damage    Failure   Level
 Magic Dart               Conj           0%         1d3       100%        1
 Passwall                 Tmut/Erth      0%         N/A       100%        2
 Poisonous Vapours        Pois/Air       0%         N/A       100%        2
 Searing Ray              Conj           0%         2d4       100%        2
 Mephitic Cloud           Conj/Pois/Air  0%         N/A       100%        3
 Stone Arrow              Conj/Erth      0%         3d7       100%        3
 Fulminant Prism          Conj/Hex       0%         3d5       100%        4
 Freezing Cloud           Conj/Ice/Air   0%         6-21      100%        5
 Iron Shot                Conj/Erth      0%         9d1       100%        6
 Shatter                  Erth           0%         3d5*      100%        9


Dungeon Overview and Level Annotations

Branches:
Dungeon (4/15)
 Temple: D:4-7

Altars:
The Shining One


Message History

You barely miss the scorpion. You hit the goblin. You hit the orc.
You hit the goblin.
You feel sick. The scorpion stings you. The goblin barely misses you.
The goblin hits you but does no damage. The orc hits you but does no damage.
You barely miss the scorpion. You barely miss the goblin.
You hit the orc but do no damage. You hit the goblin. You hit the orc.
You kill the orc!
You feel sick.
The scorpion stings you but does no damage.
The goblin hits you with a +0 dagger. The goblin hits you but does no damage.
You hit the scorpion but do no damage. You hit the goblin.
You kill the goblin!
You hit the orc. You closely miss the goblin. You hit the orc but do no damage.
You feel sick.
The scorpion stings you but does no damage.
The orc hits you but does no damage.
You are more poisoned.
The orc hits you with a +0 flail. The goblin hits you but does no damage.
You hit the scorpion but do no damage. You completely miss the goblin.
You hit the orc but do no damage. x2; You feel sick.
The scorpion barely misses you. The scorpion stings you.
* * * LOW HITPOINT WARNING * * *
You are lethally poisoned!
The scorpion poisons you! The goblin hits you but does no damage.
The orc hits you with a +1 dagger of venom.
* * * LOW HITPOINT WARNING * * *
You are more poisoned.
The quokka bites you but does no damage.
The orc hits you but does no damage.
As you read the scroll labelled URYSHR ONEX, it crumbles to dust.
It is a scroll of identify.
t - 3 scrolls of blinking
* * * LOW HITPOINT WARNING * * *
You feel very sick. The quokka bites you.
* * * LOW HITPOINT WARNING * * *
The scorpion stings you but does no damage.
The orc hits you but does no damage. The goblin barely misses you.
The orc hits you with a +0 flail.
You die...

#.....##........
#..........)..####...
#...................
#.............#....#
...................#
.##......###...§...#
.........# #..§.§§.#
.........###..ooo§§#
?.............os@§§###
....=..........r§g§.....
.....####.......##§....#
..... #.......# .....#
..... #....#### ....# ##
#....# ##### ######


You could see a scorpion, 4 orcs, a quokka and a goblin.

Vanquished Creatures
  3 adders (D:2)
  A worm (D:3)
  A dart slug (D:1)
  An orc (D:4)
  6 ball pythons
  5 bats
  9 endoplasms
  6 giant cockroaches
  8 goblins
  6 hobgoblins
  5 jackals (D:1)
  4 quokkas (D:3)
  2 frilled lizards
  7 kobolds
  3 rats
67 creatures vanquished.

Notes
Turn   | Place    | Note
-------+----------+-------------------------------------------
     0 | D:1      | Okkudo the Hill Orc Monk began the quest for the Orb.
     0 | D:1      | Reached XP level 1. HP: 19/19 MP: 1/1
    46 | D:1      | Found a faded altar of an unknown god.
    66 | D:1      | Reached XP level 2. HP: 24/27 MP: 2/2
   252 | D:1      | Reached skill level 5 in Axes
   361 | D:1      | Reached XP level 3. HP: 33/33 MP: 3/3
   634 | D:1      | Got the Octavo of Geology
  1399 | D:2      | Reached XP level 4. HP: 35/41 MP: 4/4
  2015 | D:3      | Reached skill level 1 in Armour
  2079 | D:3      | Found a faded altar of an unknown god.
  2083 | D:3      | Found a glowing golden altar of the Shining One.
  2200 | D:3      | Reached skill level 6 in Axes
  2847 | D:4      | Noticed a scorpion
  2861 | D:4      | HP: 2/41 [poisoned by an orc]
  2861 | D:4      | Slain by an orc

Illustrated notes

Levels and vault maps discovered:
D:1:      ncdulo_wetmaze, layout_loops_ring, chequers_ecumenical_altar_island,
          kennysheep_small_spiral
D:2:      layout_basic
D:3:      layout_loops_ring, nicolae_overflow_ecumenical_swirl,
          gup_sewer_entry_bubbles, hangedman_decor_push
D:4:      layout_basic, kennysheep_little_box, minmay_temple_entry_trees

Skill      XL: |  1  2  3  4 |
---------------+-------------+-----
Fighting       | 4 |  4.6
Axes           | 5 6 |  6.1
Armour         | 1 |  1.3
Dodging        | |  2.4

Action                     |  1- 3 |  4- 6 || total
---------------------------+-------+-------++-------
  Melee: Hand axe          |    98 |    95 ||   193
    Use: Scroll            |       |     2 ||     2
 Armour: Robe              |    15 |       ||    15
         Plate armour      |    10 |    83 ||    93
         Scale mail        |     7 |       ||     7
  Dodge: Dodged            |    45 |    29 ||    74
